 Dungeon Sprint DCSS version 0.19.4-10-g532645f (webtiles) character file.

21801 equalderp2856 the Eviscerator (level 12, 0/55 HPs)
             Began as a Felid Fighter on Feb 23, 2017.
             Was an Initiate of Gozag.
             Slain by Mnoleg (11 damage)
             ... in the Dungeon (Sprint VII: "The Pits").
             The game lasted 01:08:04 (8973 turns).

equalderp2856 the Eviscerator (Felid Fighter)       Turns: 8973, Time: 01:08:06

Health: 0/55       AC: 15    Str: 13    XL:     12   Next: 57%
Magic:  0/35       EV: 34    Int: 10    God:    Gozag
Gold:   14         SH:  0    Dex: 21    Spells: 7 memorised, 29 levels left
                                        Lives:  0   Deaths: 3

rFire  . . .     SeeInvis +       - Unarmed
rCold  + . .     Gourm    .     (armour unavailable)
rNeg   . . .     Faith    .     (shield unavailable)
rPois  .         Spirit   +     (helmet unavailable)
rElec  .         Reflect  .     (cloak unavailable)
rCorr  .         Harm     .     (gloves unavailable)
MR     +....     NoTele   +     (boots unavailable)
Stlth  +++.......               D - amulet of Lady Luck {Spirit Dex+4}
                                T - +6 ring of protection
                                U - +6 ring of protection

@: confused, repel missiles, bribing [the Dungeon], quick
A: no armour, no weapons or thrown items, stealth, claws 1, fangs 3, see
invisible, carnivore 3, dopey 1, speed 1, shaggy fur 3, slow metabolism 1, sharp
paws
a: Potion Petition, Call Merchant, Bribe Branch, Renounce Religion


You were in the Dungeon.
You worshipped Gozag.
Gozag was noncommittal.
You were very full.

You visited 1 branch You collected 27781 gold pieces.
You paid 27767 gold pieces to Gozag.

Inventory:

Jewellery
 r - an uncursed ring of positive energy
 s - the amulet "Qeunlotz" {Reflect rN+ MR+ SH+5 SInv}
   (You found it in the Dungeon)

   [amulet of reflection]

   It shields you and reflects attacks.
   It protects you from negative energy.
   It affects your resistance to hostile enchantments.
   It lets you see invisible.
   It affects your SH (+5).
 y - the ring of Heqeyraes {rF- Str+5 SInv Stlth+}
   (You found it in the Dungeon)

   [ring of see invisible]

   It affects your strength (+5).
   It makes you vulnerable to fire.
   It lets you see invisible.
   It makes you more stealthy.
 z - the ring of Xom's Castigation {+Blink AC+6 Str+2 Int+3}
   (You found it in the Dungeon)

   [ring of protection]

   It affects your AC (+6).
   It affects your strength (+2).
   It affects your intelligence (+3).
   It lets you blink.
 A - the ring of Gubabaof {Ice Dex+3}
   (You found it in the Dungeon)

   [ring of ice]

   It enhances your ice magic.
   It affects your dexterity (+3).
   It makes you vulnerable to fire.
   It protects you from cold.
 B - the ring of Existentialism {MP+9 Int+6}
   (You found it in the Dungeon)

   [ring of intelligence]

   It affects your intelligence (+6).
   It affects your magic capacity (+9).
 D - the amulet of Lady Luck (around neck) {Spirit Dex+4}
   (You found it in the Dungeon)

   [amulet of guardian spirit]

   It causes incoming damage to be split between your health and magic.
   It affects your dexterity (+4).
 E - the amulet of Kocwieqyz {Reflect rF+ Dex+5 SH+3}
   (You found it in the Dungeon)

   [amulet of reflection]

   It shields you and reflects attacks.
   It affects your dexterity (+5).
   It protects you from fire.
   It affects your SH (+3).
 F - the amulet "Jyxkotz" {RegenMP -Tele Str+2 Stlth+}
   (You found it in the Dungeon)

   [amulet of magic regeneration]

   It increases your magic regeneration.
   It affects your strength (+2).
   It prevents most forms of teleportation.
   It makes you more stealthy.
 H - the ring of Gyilugaz {+Inv rF- rC+ Int+7 Slay+5}
   (You found it in the Dungeon)

   [ring of slaying]

   It affects your intelligence (+7).
   It affects your accuracy and damage with ranged weapons and melee attacks
   (+5).
   It makes you vulnerable to fire.
   It protects you from cold.
   It lets you turn invisible.
 I - the ring of Accord {-Tele *Corrode Str+9 Dex+6}
   (You found it in the Dungeon)

   [ring of dexterity]

   It affects your strength (+9).
   It affects your dexterity (+6).
   It prevents most forms of teleportation.
   It may corrode you when you take damage.
 K - the ring "Giasoas" {-Tele rElec rN+ MP+9 Str+6}
   (You found it in the Dungeon)

   [ring of strength]

   It affects your strength (+6).
   It insulates you from electricity.
   It protects you from negative energy.
   It affects your magic capacity (+9).
   It prevents most forms of teleportation.
 N - the ring of Rutiobirha {+Fly rF- MR+ Dex+6 Stlth+}
   (You found it in the Dungeon)

   [ring of dexterity]

   It affects your dexterity (+6).
   It makes you vulnerable to fire.
   It affects your resistance to hostile enchantments.
   It lets you fly.
   It makes you more stealthy.
 Q - an uncursed ring of protection from fire
 R - the ring of Puorregoff {Str+4 Dex+6}
   (You found it in the Dungeon)

   [ring of strength]

   It affects your strength (+4).
   It affects your dexterity (+6).
 T - a +6 ring of protection (right paw)
 U - a +6 ring of protection (left paw)
 W - an uncursed ring of wizardry
 X - a +6 ring of dexterity
Wands
 n - a wand of hasting (5/9)
 p - a wand of heal wounds (1/9)
Scrolls
 h - 3 scrolls of blinking
 j - 4 scrolls of remove curse
 k - 5 scrolls of amnesia
 l - a scroll of summoning
 t - 4 scrolls of identify
 u - 3 scrolls of fear
 w - 2 scrolls of fog
Potions
 a - 4 potions of might
 e - 2 potions of haste
 f - 4 potions of magic
 g - 7 potions of berserk rage
 i - 2 potions of invisibility
 o - 6 potions of brilliance
 v - 5 potions of cure mutation
Comestibles
 b - 6 meat rations


   Skills:
 - Level 8.1 Fighting
 - Level 16.4 Dodging
 - Level 15.7 Stealth
 - Level 21.1 Unarmed Combat
 + Level 18.4 Spellcasting
 - Level 16.2 Ice Magic


You had 29 spell levels left.
You knew the following spells:

 Your Spells              Type           Power        Failure   Level  Hunger
a - Blink                 Tloc           N/A          10%         2    None
b - Passwall              Tmut/Erth      #.........   10%         2    None
c - Repel Missiles        Chrm/Air       #.....       10%         2    None
d - Swiftness             Chrm/Air       #.......     10%         2    None
e - Throw Icicle          Conj/Ice       ####....     1%          4    ###....
f - Summon Ice Beast      Ice/Summ       ####....     1%          4    ###....
g - Ensorcelled Hibernat  Hex/Ice        ####..       1%          2    None


Dungeon Overview and Level Annotations

Branches:
Dungeon (1/1)

Altars:
Ashenzari
Cheibriados
Dithmenos
Elyvilon
Fedhas
Gozag
Hepliaklqana
Kikubaaqudgha
Makhleb
Nemelex Xobeh
Okawaru
Qazlal
Ru
Sif Muna
Trog
Uskayaw
Vehumet
Xom
Yredelemnul
Zin
The Shining One
Beogh
Jiyva
Lugonu

Shops:
D *

Annotations:
D Boris, Mnoleg


Innate Abilities, Weirdness & Mutations

You cannot wear armour.
You are incapable of wielding weapons or throwing items.
Your paws allow you to move quietly. (Stealth)
You have sharp claws.
You have razor-sharp teeth.
You have supernaturally acute eyesight. (SInv)
You are carnivorous and can eat meat at any time.
You cover ground quickly.
Your thick and shaggy fur keeps you warm. (AC +3, rC+)
You have a slow metabolism.
Your sharp claws are effective at attacking unaware monsters.
You are dopey. (Int -2)


Message History

Zapping:
p - a wand of heal wounds (3/9)
Press: ? - help, Shift-Dir - straight line, f - you You heal Mnoleg.
Mnoleg is heavily wounded.
This wand has 2 charges left.
Mnoleg gestures at you. The bolt of fire misses you.
The large abomination hits you!! Mnoleg claws you.
Mnoleg completely misses you. Mnoleg gores you. Mnoleg completely misses you.
The large abomination misses you.
Evoke which item? (* to show all) (? for menu, Esc to quit)
Zapping:
p - a wand of heal wounds (2/9)
Press: ? - help, Shift-Dir - straight line, f - you This wand has 1 charge left.
The large abomination hits you!
Mnoleg buzzes, "Kneel, thou tasty meal!"
Mnoleg misses you. Mnoleg tentacle-slaps you!
* * * LOW HITPOINT WARNING * * *
You feel stupid. Mnoleg gores you!
You die...
Your body crumbles into a pile of gold.

..─wX..#....###.......###.G..#...
X***$.((.∩.##...........##...#...
$$$.$..$.)##.............##..#...
X$$$1$....#...............#......
0$$$).....#...........§...#......
..$.......#.....X....w*...#......
..........##...XX.....§..##&.#...
...........##..X&X......##...#...
.......#....###X@X....###....#...
......###.....###...###.....###..
.....## #.................## ##.
.........(.....## ##
################ #
########################## ####
).....................#..# ###)..
........#.#..........##..###.....
.....(##..)##........#...##......


You could see Mnoleg, an eldritch tentacle and 7 large abominations.

Vanquished Creatures
  Jory (D)
  A deep elf blademaster (D)
  A green draconian (D)
  A yellow draconian (D)
  2 death oozes (D)
  A naga warrior (D)
  2 alligators (D)
  2 orc knights (D)
  An unseen horror (D)
  A swamp dragon (D)
  A wizard (D)
  2 necromancers (D)
  2 deep elf magi (D)
  An elephant (D)
  A black mamba (D)
  A guardian serpent (D)
  2 spiny frogs (D)
  2 yaktaurs (D)
  A demonic crawler (D)
  A troll (D)
  A jumping spider (D)
  A two-headed ogre (D)
  A polar bear (D)
  8 dream sheep (D)
  A snapping turtle (D)
  A blink frog (D)
  A bog body (D)
  A flying skull (D)
  A tarantella (D)
  A ynoxinul (D)
  A large abomination (D)
  A wraith (D)
  7 yaks (D)
  A fire bat (D)
  A basilisk (D)
  2 mottled dragons (D)
  A soldier ant (D)
  A warg (D)
  A floating eye (D)
  A swamp drake (D)
  A phantom (D)
  2 black bears (D)
  An orc warrior (D)
  2 ogres (D)
  A bullfrog (D)
  4 crimson imps (D)
  2 quasits (D)
  An iron imp (D)
  An iguana (D)
  Terence (D)
  A worker ant (D)
  A gnoll (D)
  A river rat (D)
  2 ufetubi (D)
  3 leopard geckos (D)
  2 orcs (D)
  A bat zombie (D)
  A giant cockroach (D)
  A goblin (D)
  6 jackals (D)
  3 quokkas (D)
  2 rats (D)
101 creatures vanquished.

Vanquished Creatures (collateral kills)
  A pandemonium lord (D)
  Mennas (D)
  An ancient lich (D)
  A golden dragon (D)
  A pearl dragon (D)
  An electric golem (D)
  A Hell Sentinel (D)
  11 Orb Guardians (D)
  3 deep elf blademasters (D)
  A quicksilver dragon (D)
  A storm dragon (D)
  A sphinx (D)
  An azure jelly (D)
  A daeva (D)
  2 shadow dragons (D)
  2 nagarajas (D)
  A fire giant (D)
  A ghost moth (D)
  2 ghouls (D)
  An ophan (D)
  2 stone giants (D)
  A green draconian (D)
  A vampire knight (D)
  A mottled draconian (D)
  A deep elf annihilator (D)
  5 dire elephants (D)
  A purple draconian (D)
  A blizzard demon (D)
  A mummy priest (D)
  A green death (D)
  An ettin (D)
  A yaktaur captain (D)
  A death ooze (D)
  A fire dragon (D)
  6 hydras (D)
  4 ice dragons (D)
  4 catoblepae (D)
  A merfolk avatar (D)
  2 anacondas (D)
  2 hell beasts (D)
  An alligator snapping turtle (D)
  An iron elemental (D)
  6 hell knights (D)
  A death yak (D)
  An ogre mage (D)
  A dancing weapon (D)
  A vampire mage (D)
  4 hell hogs (D)
  A spriggan (D)
  A soul eater (D)
  A deep elf knight (D)
  A sixfirhy (D)
  A spriggan druid (D)
  A lindwurm (D)
  3 swamp dragons (D)
  A harpy (D)
  A necromancer (D)
  4 orc knights (D)
  A wolf spider (D)
  A guardian serpent (D)
  A guardian serpent (shapeshifter) (D)
  2 naga magi (D)
  4 eyes of devastation (D)
  A hellion (D)
  A yaktaur (D)
  2 komodo dragons (D)
  A red devil (D)
  A wind drake (D)
  A jumping spider (D)
  2 blink frogs (D)
  2 hornets (D)
  A dream sheep (D)
  A redback (D)
  An air elemental (D)
  An orc warrior (D)
  A golden eye (D)
  A warg (D)
  3 floating eyes (D)
  A swamp drake (D)
  A wolf (D)
  A necrophage (D)
  A centaur (D)
  An earth elemental (D)
  An orc priest (D)
  An orc wizard (D)
  An ufetubus (D)
  2 orcs (D)
143 creatures vanquished.

Vanquished Creatures (others)
  An ancient lich (D)
  4 orbs of fire (D)
  2 greater mummies (D)
  Frederick (D)
  Saint Roka (D)
  A curse toe (D)
  A golden dragon (D)
  A profane servitor (D)
  A Tzitzimitl (D)
  4 Brimstone Fiends (D)
  A Hell Sentinel (D)
  A tentacled monstrosity (D)
  3 liches (D)
  A hellephant (D)
  14 Orb Guardians (D)
  2 titans (D)
  2 quicksilver dragons (D)
  A deep elf master archer (D)
  2 deep elf blademasters (D)
  2 eldritch tentacles (D)
  2 death cobs (D)
  2 storm dragons (D)
  2 shadow dragons (D)
  2 daevas (D)
  2 nagarajas (D)
  A fire giant (D)
  2 pandemonium lords (D)
  A draconian scorcher (D)
  2 orc warlords (D)
  A ghost moth (D)
  5 balrugs (D)
  A draconian knight (D)
  Louise (D)
  2 cacodemons (D)
  2 angels (D)
  A draconian caller (D)
  5 ghouls (D)
  An ophan (D)
  A reaper (D)
  2 mottled draconians (D)
  A black draconian (D)
  A merfolk impaler (D)
  A deep elf demonologist (D)
  A purple draconian (D)
  A red draconian (D)
  A white draconian (D)
  A yellow draconian (D)
  A lorocyproca (D)
  2 blizzard demons (D)
  A green death (D)
  A deep elf high priest (D)
  A yaktaur captain (D)
  2 death oozes (D)
  2 fire dragons (D)
  3 ogre magi (D)
  2 vault guards (D)
  2 naga warriors (D)
  A rakshasa (D)
  2 ice dragons (D)
  A hydra (D)
  4 hell knights (D)
  3 catoblepae (D)
  A dancing weapon (D)
  A death knight (D)
  A vampire mage (D)
  A deep elf knight (D)
  3 sun demons (D)
  A spriggan (D)
  A soul eater (D)
  A troll (D)
  An iron troll (D)
  A death drake (D)
  A shadow wraith (D)
  A cherub (D)
  4 swamp dragons (D)
  2 flayed ghosts (D)
  A wizard (D)
  3 harpies (D)
  A hill giant (D)
  A lindwurm (D)
  6 orc knights (D)
  A necromancer (D)
  A deep elf mage (D)
  A cyclops (D)
  A moth of wrath (D)
  A rust devil (D)
  A naga mage (D)
  A yaktaur (D)
  2 rime drakes (D)
  A komodo dragon (D)
  An ice devil (D)
  A red devil (D)
  3 merfolk (D)
  A hornet (D)
  A two-headed ogre (D)
  A blink frog (D)
  3 dream sheep (D)
  2 yaks (D)
  A water elemental (D)
  4 wyverns (D)
  A ynoxinul (D)
  A wraith (D)
  2 vampires (D)
  5 basilisks (D)
  2 neqoxecs (D)
  2 steam dragons (D)
  7 mottled dragons (D)
  A small abomination (D)
  3 orc warriors (D)
  A hound (D)
  An adder simulacrum (D)
  2 orcs (D)
  A jackal (D)
  A leopard gecko zombie (D)
209 creatures vanquished.

Grand Total: 453 creatures vanquished

Notes
Turn   | Place    | Note
-------+----------+-------------------------------------------
     0 | D        | equalderp2856 the Felid Fighter began the quest for the Orb.
     0 | D        | Reached XP level 1. HP: 10/10 MP: 2/2
    23 | D        | Found a radiant altar of Vehumet.
    23 | D        | Found a hide-covered altar of Uskayaw.
    23 | D        | Found an ancient bone altar of Kikubaaqudgha.
    23 | D        | Found a viscous altar of Jiyva.
    23 | D        | Found a hazy altar of Hepliaklqana.
    24 | D        | Found a bloodstained altar of Trog.
    24 | D        | Found a deep blue altar of Sif Muna.
    24 | D        | Found a sacrificial altar of Ru.
    24 | D        | Found a stormy altar of Qazlal.
    24 | D        | Found an iron altar of Okawaru.
    24 | D        | Found a sparkling altar of Nemelex Xobeh.
    24 | D        | Found an opulent altar of Gozag.
    24 | D        | Found a blossoming altar of Fedhas.
    24 | D        | Found a white marble altar of Elyvilon.
    24 | D        | Found a shadowy altar of Dithmenos.
    24 | D        | Found a snail-covered altar of Cheibriados.
    25 | D        | Found a glowing golden altar of the Shining One.
    25 | D        | Found a glowing silver altar of Zin.
    27 | D        | Found a roughly hewn altar of Beogh.
    27 | D        | Found a burning altar of Makhleb.
    27 | D        | Found a basalt altar of Yredelemnul.
    28 | D        | Found a shattered altar of Ashenzari.
    28 | D        | Found a corrupted altar of Lugonu.
    28 | D        | Found a shimmering altar of Xom.
    30 | D        | Became a worshipper of Gozag Ym Sagoz the Greedy
    76 | D        | Reached skill level 5 in Dodging
    76 | D        | Reached skill level 5 in Unarmed Combat
    76 | D        | Reached XP level 2. HP: 15/15 MP: 3/3
   111 | D        | Reached skill level 1 in Stealth
   111 | D        | Reached skill level 6 in Unarmed Combat
   111 | D        | Reached XP level 3. HP: 18/18 MP: 4/4
   299 | D        | Reached skill level 7 in Unarmed Combat
   299 | D        | Reached XP level 4. HP: 17/22 MP: 5/5
   302 | D        | Reached skill level 5 in Fighting
   385 | D        | Reached skill level 8 in Unarmed Combat
   385 | D        | Reached XP level 5. HP: 17/26 MP: 6/6
   512 | D        | Reached skill level 9 in Unarmed Combat
   547 | D        | Noticed an orc warrior
   556 | D        | Killed an orc warrior
   556 | D        | Reached skill level 10 in Unarmed Combat
   556 | D        | Gained mutation: You are covered in thick fur. (AC +2) [Felid growth]
   556 | D        | Reached XP level 6. HP: 22/31 MP: 7/7
   645 | D        | Noticed a large abomination
   848 | D        | Killed a large abomination
   848 | D        | Reached skill level 5 in Stealth
   848 | D        | Reached skill level 11 in Unarmed Combat
   980 | D        | Reached XP level 7. HP: 28/35 MP: 8/8
  1053 | D        | Reached skill level 10 in Dodging
  1053 | D        | Reached skill level 12 in Unarmed Combat
  1057 | D        | Noticed a fire bat
  1074 | D        | Killed a fire bat
  1087 | D        | Noticed a yak
  1087 | D        | Noticed a yak
  1087 | D        | Noticed a yak
  1087 | D        | Noticed a flying skull
  1102 | D        | Killed a flying skull
  1102 | D        | Reached skill level 13 in Unarmed Combat
  1112 | D        | Killed a yak
  1112 | D        | Reached XP level 8. HP: 25/39 MP: 9/9
  1123 | D        | Reached skill level 14 in Unarmed Combat
  1233 | D        | Noticed a hill giant
  1454 | D        | Noticed a snapping turtle
  1458 | D        | Noticed an alligator
  1458 | D        | Noticed an alligator
  1460 | D        | Killed an alligator
  1460 | D        | Reached skill level 10 in Stealth
  1460 | D        | Reached skill level 15 in Unarmed Combat
  1460 | D        | Reached XP level 9. HP: 43/43 MP: 10/10
  1488 | D        | Reached skill level 16 in Unarmed Combat
  1496 | D        | Killed an alligator
  1521 | D        | Noticed a guardian serpent
  1542 | D        | Killed a guardian serpent
  1542 | D        | Reached skill level 17 in Unarmed Combat
  1581 | D        | Reached XP level 10. HP: 23/47 MP: 11/11
  2368 | D        | Reached skill level 18 in Unarmed Combat
  2544 | D        | Noticed a spiny frog
  2544 | D        | Noticed Terence
  2573 | D        | Killed a spiny frog
  2618 | D        | Noticed a black mamba
  2618 | D        | Noticed a flayed ghost
  2634 | D        | Killed Terence
  2658 | D        | Killed a flayed ghost
  2776 | D        | Killed a black mamba
  2776 | D        | Reached skill level 19 in Unarmed Combat
  2800 | D        | Noticed an unseen horror
  2814 | D        | Killed an unseen horror
  2955 | D        | Noticed a spiny frog
  2963 | D        | Killed a spiny frog
  2963 | D        | Reached XP level 11. HP: 51/51 MP: 12/12
  2985 | D        | Noticed Saint Roka
  2991 | D        | Reached skill level 15 in Dodging
  3212 | D        | Noticed a deep troll
  3214 | D        | Noticed a deep elf knight
  3214 | D        | Noticed a deep elf mage
  3215 | D        | Noticed a deep elf mage
  3217 | D        | Killed a deep elf mage
  3218 | D        | Noticed a deep elf mage
  3221 | D        | Killed a deep elf knight
  3225 | D        | Killed a deep elf mage
  3231 | D        | Killed a deep elf mage
  3440 | D        | Noticed a flayed ghost
  3528 | D        | Noticed a vampire knight
  3529 | D        | Noticed a fire dragon
  3530 | D        | Noticed a yellow draconian
  3530 | D        | Noticed a nagaraja
  3530 | D        | Noticed an ogre mage
  3538 | D        | Noticed a mottled draconian
  3538 | D        | Killed a fire dragon
  3539 | D        | Killed a vampire knight
  3539 | D        | Reached skill level 15 in Stealth
  3539 | D        | Reached skill level 20 in Unarmed Combat
  3543 | D        | Killed a nagaraja
  3544 | D        | Noticed a vampire mage
  3545 | D        | Killed an ogre mage
  3545 | D        | Killed a vampire mage
  3545 | D        | Killed a yellow draconian
  3557 | D        | Killed an ogre mage
  3607 | D        | Noticed a purple draconian knight
  3635 | D        | Noticed a mottled draconian
  3644 | D        | Killed a mottled draconian
  3672 | D        | Noticed a black draconian
  3672 | D        | Noticed an ogre mage
  3674 | D        | Noticed a deep elf high priest
  3676 | D        | Noticed a yellow draconian
  3676 | D        | Noticed a lich
  3680 | D        | Killed a yellow draconian
  3681 | D        | Noticed a green draconian
  3683 | D        | Noticed a deep elf demonologist
  3686 | D        | Noticed a wizard
  3688 | D        | Noticed a Hell Sentinel
  3689 | D        | Reached skill level 21 in Unarmed Combat
  3692 | D        | Killed a deep elf high priest
  3695 | D        | Noticed a deep elf master archer
  3696 | D        | Noticed a mummy priest
  3697 | D        | Killed a wizard
  3730 | D        | Noticed a mottled draconian
  3751 | D        | Got the amulet of Bauz {Spirit *Corrode Int+4}
  3806 | D        | Identified the Papyrus of the Frostbite (You found it in the Dungeon)
  3814 | D        | Identified the Tome of Karma (You found it in the Dungeon)
  3823 | D        | Identified Ebboclai's Incunabulum of Gliding Envenoming (You found it in the Dungeon)
  3827 | D        | Identified the Tome of the Birds and Intoxication (You found it in the Dungeon)
  3867 | D        | Got the amulet "Tucelaab" {Gourm MR+ Int+3 Dex+4}
  3869 | D        | Got the amulet of Diymecu {Faith rN+ Int+3}
  3873 | D        | Got the amulet "Kuatyus" {Faith +Fly}
  3919 | D        | Learned a level 2 spell: Blink
  3922 | D        | Learned a level 2 spell: Passwall
  3925 | D        | Learned a level 2 spell: Repel Missiles
  3928 | D        | Learned a level 2 spell: Swiftness
  3983 | D        | Noticed an orc knight
  3983 | D        | Noticed an orc knight
  3983 | D        | Noticed an orc knight
  3983 | D        | Noticed an orc knight
  3983 | D        | Noticed an orc knight
  3984 | D        | Noticed an orc warlord
  3984 | D        | Noticed an orc knight
  3984 | D        | Noticed an orc warlord
  3986 | D        | Noticed an orc knight
  3988 | D        | Noticed an orc knight
  3989 | D        | Reached skill level 1 in Spellcasting
  3990 | D        | Killed an orc knight
  3991 | D        | Killed an orc knight
  3998 | D        | Killed an orc knight
  3999 | D        | Killed an orc knight
  3999 | D        | Reached skill level 5 in Spellcasting
  4008 | D        | Killed an orc knight
  4020 | D        | Killed an orc knight
  4043 | D        | Killed a mottled draconian
  4044 | D        | Killed an orc knight
  4082 | D        | Noticed a naga warrior
  4090 | D        | Noticed an orc knight
  4097 | D        | Noticed a merfolk impaler
  4100 | D        | Killed a vault guard
  4104 | D        | Noticed a ghoul
  4104 | D        | Noticed a ghoul
  4106 | D        | Noticed a deep elf knight
  4107 | D        | Noticed a naga warrior
  4108 | D        | Noticed a swamp dragon
  4108 | D        | Noticed a ghoul
  4108 | D        | Noticed an orc knight
  4109 | D        | Killed a naga warrior
  4114 | D        | Killed a vault guard
  4116 | D        | Killed a naga warrior
  4119 | D        | Killed a swamp dragon
  4119 | D        | Killed a blizzard demon
  4119 | D        | Killed a ghoul
  4121 | D        | Killed a deep elf knight
  4123 | D        | Killed an orc knight
  4123 | D        | Killed a ghoul
  4142 | D        | Killed an orc knight
  4300 | D        | Learned a level 4 spell: Throw Icicle
  4305 | D        | Learned a level 4 spell: Summon Ice Beast
  4487 | D        | Killed an orc knight
  4604 | D        | Noticed a soul eater
  4604 | D        | Noticed a blizzard demon
  4604 | D        | Noticed a vampire mage
  4605 | D        | Noticed a hell beast
  4606 | D        | Noticed an alligator snapping turtle
  4620 | D        | Killed a soul eater
  4627 | D        | Killed an alligator snapping turtle
  4629 | D        | Killed a hell beast
  4631 | D        | Killed a blizzard demon
  4631 | D        | Reached skill level 5 in Ice Magic
  4631 | D        | Gained mutation: Your thick and shaggy fur keeps you warm. (AC +3, rC+) [Felid growth]
  4631 | D        | Reached XP level 12. HP: 46/55 MP: 21/21
  4652 | D        | Learned a level 2 spell: Ensorcelled Hibernation
  4780 | D        | Noticed a blizzard demon
  4785 | D        | Noticed a death yak
  4786 | D        | Killed a blizzard demon
  4788 | D        | Noticed an angel
  4789 | D        | Killed a death yak
  4792 | D        | Killed an angel
  4794 | D        | Noticed a spriggan defender
  5129 | D        | Noticed a titan
  5130 | D        | Noticed a balrug
  5130 | D        | Noticed a sphinx
  5130 | D        | Noticed a hell beast
  5130 | D        | Noticed a rakshasa
  5130 | D        | Noticed a deep elf blademaster
  5130 | D        | Noticed a white draconian
  5134 | D        | Paralysed by a floating eye for 3 turns
  5135 | D        | Killed a rakshasa
  5140 | D        | Noticed a black draconian scorcher
  5140 | D        | Noticed an iron elemental
  5145 | D        | Noticed a storm dragon
  5145 | D        | Noticed a fire dragon
  5146 | D        | Noticed a daeva
  5147 | D        | Killed an iron elemental
  5148 | D        | Noticed an azure jelly
  5151 | D        | Killed an azure jelly
  5151 | D        | Killed a fire dragon
  5156 | D        | Killed a storm dragon
  5157 | D        | Noticed a death ooze
  5161 | D        | Noticed a titan
  5167 | D        | Killed a death ooze
  5171 | D        | Noticed a cacodemon
  5211 | D        | Noticed Louise
  5211 | D        | Noticed a deep elf blademaster
  5218 | D        | Your ally died
  5224 | D        | Noticed Vexzomm the pandemonium lord
  5225 | D        | Killed a sphinx
  5227 | D        | Noticed a storm dragon
  5227 | D        | Noticed a dire elephant
  5228 | D        | Killed a balrug
  5229 | D        | Killed a deep elf blademaster
  5231 | D        | Noticed an emperor scorpion
  5231 | D        | Killed a storm dragon
  5231 | D        | Reached skill level 10 in Ice Magic
  5232 | D        | Noticed a ghoul
  5232 | D        | Killed a hell beast
  5233 | D        | Noticed a greater mummy
  5234 | D        | Killed a dire elephant
  5234 | D        | Killed a daeva
  5235 | D        | Noticed an emperor scorpion
  5235 | D        | Noticed an emperor scorpion
  5235 | D        | Demolished by a titan
  5235 | D        | Killed Vexzomm the pandemonium lord
  5236 | D        | Reached XP level 11. HP: -19/51 MP: 20/20
  5238 | D        | Got the ring of Puorregoff {Str+4 Dex+6}
  5239 | D        | Your ally died
  5245 | D        | Killed a titan
  5246 | D        | Killed a white draconian
  5247 | D        | Noticed a ghoul
  5247 | D        | Noticed a ghoul
  5247 | D        | Noticed a ghoul
  5252 | D        | Noticed a curse toe
  5253 | D        | Noticed an iron troll
  5256 | D        | Noticed a death ooze
  5256 | D        | Noticed a lorocyproca
  5259 | D        | Noticed an anaconda
  5260 | D        | Killed a storm dragon
  5265 | D        | Killed a death ooze
  5266 | D        | Killed an anaconda
  5331 | D        | Noticed a necromancer
  5331 | D        | Noticed a hell knight
  5331 | D        | Noticed a balrug
  5331 | D        | Killed a necromancer
  5332 | D        | Noticed a hell knight
  5332 | D        | Noticed a necromancer
  5332 | D        | Noticed a deep elf blademaster
  5333 | D        | Noticed a hell knight
  5333 | D        | Noticed a hell knight
  5333 | D        | Noticed a necromancer
  5334 | D        | Noticed a soul eater
  5334 | D        | Killed a nagaraja
  5337 | D        | Killed a nagaraja
  5454 | D        | Noticed a harpy
  5454 | D        | Noticed a harpy
  5455 | D        | Noticed an anaconda
  5455 | D        | Noticed a hell hog
  5455 | D        | Noticed a harpy
  5455 | D        | Noticed a harpy
  5455 | D        | Noticed a death cob
  5456 | D        | Killed a harpy
  5457 | D        | Noticed a hell hog
  5458 | D        | Killed a harpy
  5459 | D        | Killed a harpy
  5459 | D        | Killed a death cob
  5461 | D        | Noticed a hell hog
  5462 | D        | Noticed a hell hog
  5465 | D        | Killed an anaconda
  5470 | D        | Noticed a catoblepas
  5470 | D        | Killed a harpy
  5471 | D        | Killed a hell hog
  5475 | D        | Killed a hell hog
  5478 | D        | Killed a hell hog
  5479 | D        | Killed a catoblepas
  5481 | D        | Killed a hell hog
  5488 | D        | Noticed a tentacled monstrosity
  5503 | D        | Noticed a death cob
  5504 | D        | Noticed a daeva
  5506 | D        | Noticed a sixfirhy
  5508 | D        | Noticed a shadow dragon
  5508 | D        | Noticed an ophan
  5508 | D        | Noticed a daeva
  5509 | D        | Killed an ettin
  5512 | D        | Noticed a nagaraja
  5513 | D        | Noticed a dire elephant
  5514 | D        | Noticed a sun demon
  5514 | D        | Noticed a battleaxe of venom
  5514 | D        | Noticed a balrug
  5514 | D        | Noticed an ogre mage
  5515 | D        | Killed a sixfirhy
  5515 | D        | Reached XP level 12. HP: 22/55 MP: 21/21
  5519 | D        | Killed a balrug
  5521 | D        | Killed a shadow dragon
  5524 | D        | Killed a death cob
  5525 | D        | Noticed an ophan
  5530 | D        | Killed a ghost moth
  5536 | D        | Killed an ogre mage
  5538 | D        | Reached skill level 15 in Ice Magic
  5545 | D        | Killed an ophan
  5552 | D        | Killed a daeva
  5554 | D        | Noticed a merfolk avatar
  5562 | D        | Killed a merfolk avatar
  5564 | D        | Killed a dire elephant
  5588 | D        | Noticed a deep elf blademaster
  5588 | D        | Noticed a lich
  5591 | D        | Noticed a fire giant
  5595 | D        | Noticed a yaktaur captain
  5595 | D        | Noticed a cacodemon
  5597 | D        | Noticed a ghost moth
  5597 | D        | Noticed a catoblepas
  5598 | D        | Noticed an angel
  5605 | D        | Killed a ghost moth
  5610 | D        | Killed a catoblepas
  5672 | D        | Got the cursed ring of Daffodils {rPois rF- Str-4 Int+3 Dex+6 Slay-2}
  6099 | D        | Noticed a five-headed hydra
  6099 | D        | Noticed a catoblepas
  6099 | D        | Noticed a fire dragon
  6099 | D        | Noticed a six-headed hydra
  6099 | D        | Noticed a golden dragon
  6099 | D        | Noticed an ice dragon
  6099 | D        | Noticed a dire elephant
  6099 | D        | Noticed a catoblepas
  6099 | D        | Noticed a dire elephant
  6099 | D        | Noticed a catoblepas
  6099 | D        | Noticed an eight-headed hydra
  6099 | D        | Noticed a six-headed hydra
  6099 | D        | Noticed a catoblepas
  6099 | D        | Noticed a six-headed hydra
  6101 | D        | Noticed an ice dragon
  6102 | D        | Noticed an ice dragon
  6102 | D        | Noticed a seven-headed hydra
  6102 | D        | Noticed a catoblepas
  6110 | D        | Killed a dire elephant
  6112 | D        | Killed a catoblepas
  6127 | D        | Killed an ice dragon
  6127 | D        | HP: 1/55 [balrug/fireball (25)]
  6128 | D        | Killed a dire elephant
  6130 | D        | Killed a dire elephant
  6130 | D        | Killed a six-headed hydra
  6131 | D        | Killed a six-headed hydra
  6131 | D        | Reached skill level 10 in Spellcasting
  6133 | D        | Killed a golden dragon
  6134 | D        | Killed a seven-headed hydra
  6148 | D        | Killed a six-headed hydra
  6157 | D        | Noticed an ice dragon
  6164 | D        | Killed a catoblepas
  6166 | D        | Noticed a four-headed hydra
  6166 | D        | Killed a four-headed hydra
  6168 | D        | Killed a catoblepas
  6170 | D        | Noticed an ice dragon
  6172 | D        | Killed a hell knight
  6173 | D        | Killed a deep elf demonologist
  6175 | D        | Killed an ice dragon
  6175 | D        | Reached XP level 13. HP: 38/58 MP: 30/30
  6198 | D        | Killed from afar by a lindwurm
  6199 | D        | Reached XP level 12. HP: -6/55 MP: 29/29
  6218 | D        | Killed an eight-headed hydra
  6229 | D        | Killed an ice dragon
  6253 | D        | Killed a five-headed hydra
  6373 | D        | Noticed an ancient lich
  6373 | D        | Noticed a fire giant
  6373 | D        | Noticed a shadow dragon
  6374 | D        | Noticed a balrug
  6381 | D        | Killed a shadow dragon
  6382 | D        | Killed from afar by a fire giant
  6383 | D        | Reached XP level 11. HP: -18/51 MP: 24/29
  6390 | D        | Killed a fire giant
  6393 | D        | Noticed a lich
  6394 | D        | Noticed a sun demon
  6394 | D        | Noticed a sun demon
  6395 | D        | Killed a deep elf blademaster
  6399 | D        | Killed a lich
  6400 | D        | Noticed a green draconian
  6401 | D        | Killed an angel
  6403 | D        | Noticed a stone giant
  6407 | D        | Got the ring of the Will of the Gods {rF+ Stlth-}
  6429 | D        | Noticed a quicksilver dragon
  6429 | D        | Noticed Boris
  6439 | D        | Killed a quicksilver dragon
  6467 | D        | Killed a catoblepas
  6516 | D        | Killed a fire giant
  6577 | D        | Killed a swamp dragon
  6587 | D        | Banished a swamp dragon
  6598 | D        | Banished a fire dragon
  6615 | D        | Killed a lich
  6724 | D        | Killed an orc knight
  6802 | D        | Killed a hell knight
  6806 | D        | Killed a necromancer
  6810 | D        | Killed a lindwurm
  6819 | D        | Killed a necromancer
  6842 | D        | Killed a catoblepas
  6844 | D        | Killed a lorocyproca
  6870 | D        | Killed a necromancer
  6873 | D        | Killed a hell knight
  6874 | D        | Killed a hell knight
  7012 | D        | Killed a green draconian
  7017 | D        | Killed a mummy priest
  7018 | D        | Noticed a soul eater
  7213 | D        | Got the amulet "Qeunlotz" {Reflect rN+ MR+ SH+5 SInv}
  7215 | D        | Got the ring "Heid" {rElec rN+ Str+3 Dex-2 Slay+5}
  7217 | D        | Got the ring "Wacvuntu" {Fire Dex+7}
  7221 | D        | Got the ring of Gubabaof {Ice Dex+3}
  7223 | D        | Got the amulet of Lioc {Reflect MR+ Int+6 Dex-4 SH+5}
  7225 | D        | Got the amulet of Lady Luck {Spirit Dex+4}
  7228 | D        | Got the amulet of Kocwieqyz {Reflect rF+ Dex+5 SH+3}
  7230 | D        | Got the amulet "Jyxkotz" {RegenMP -Tele Str+2 Stlth+}
  7232 | D        | Got the ring of Gyilugaz {+Inv rF- rC+ Int+7 Slay+5}
  7234 | D        | Got the ring "Teriduqu" {+Blink Slay+5}
  7278 | D        | Got the ring of Heqeyraes {rF- Str+5 SInv Stlth+}
  7280 | D        | Got the ring of Xom's Castigation {+Blink AC+6 Str+2 Int+3}
  7282 | D        | Got the ring of Existentialism {MP+9 Int+6}
  7284 | D        | Got the ring "Joremiab" {Fire -Tele Str-4 Int+10}
  7287 | D        | Got the ring of Accord {-Tele *Corrode Str+9 Dex+6}
  7292 | D        | Got the ring "Giasoas" {-Tele rElec rN+ MP+9 Str+6}
  7294 | D        | Got the ring "Lowk" {+Fly rPois rC+ Str-2 SInv}
  7296 | D        | Got the ring of Tempters {rElec rN+}
  7298 | D        | Got the ring of Rutiobirha {+Fly rF- MR+ Dex+6 Stlth+}
  7300 | D        | Got the ring "Bioziwn" {rElec AC+6 Int+9 Stlth-}
  7302 | D        | Got the ring of Conformity {MR+ Int+3 SInv}
  7304 | D        | Got the ring of Moderation {rPois rN+ Str+3}
  7481 | D        | Noticed a Hell Sentinel
  7485 | D        | Noticed a death ooze
  7487 | D        | Killed a death ooze
  7502 | D        | Noticed Zuopuo the pandemonium lord
  7505 | D        | Noticed a deep elf blademaster
  7508 | D        | Noticed a Brimstone Fiend
  7511 | D        | Noticed a profane servitor
  7514 | D        | Noticed a red draconian
  7514 | D        | Noticed a purple draconian
  7514 | D        | Noticed a death drake
  7514 | D        | Noticed Frederick
  7514 | D        | Noticed a death ooze
  7514 | D        | Noticed an orb of fire
  7514 | D        | Noticed a shadow dragon
  7518 | D        | Killed a deep elf blademaster
  7521 | D        | Your ally Zuopuo died
  7524 | D        | Killed a profane servitor
  7524 | D        | Your ally died
  7528 | D        | Killed a death drake
  7528 | D        | Killed a Hell Sentinel
  7530 | D        | Killed a red draconian
  7536 | D        | Killed a purple draconian
  7627 | D        | Killed a death ooze
  7941 | D        | Killed a green draconian
  8288 | D        | Noticed a hell knight
  8288 | D        | Noticed an ice dragon
  8288 | D        | Noticed a yaktaur captain
  8288 | D        | Noticed an Orb Guardian
  8288 | D        | Noticed an Orb Guardian
  8288 | D        | Noticed an Orb Guardian
  8288 | D        | Noticed an Orb Guardian
  8296 | D        | Noticed a hell knight
  8296 | D        | Noticed a hell knight
  8296 | D        | Noticed a deep elf annihilator
  8296 | D        | Noticed a stone giant
  8296 | D        | Noticed a hell knight
  8296 | D        | Killed an ice dragon
  8297 | D        | Noticed a pearl dragon
  8297 | D        | Killed an Orb Guardian
  8298 | D        | Noticed an Orb Guardian
  8299 | D        | Noticed a hell knight
  8299 | D        | Killed a hell knight
  8299 | D        | Killed a hell knight
  8301 | D        | Noticed a deep elf master archer
  8301 | D        | Noticed a deep elf blademaster
  8301 | D        | Noticed an Orb Guardian
  8302 | D        | Noticed an Orb Guardian
  8302 | D        | Noticed a death knight
  8302 | D        | Noticed a hell knight
  8302 | D        | Noticed a hell knight
  8302 | D        | Killed a death knight
  8303 | D        | Killed a pearl dragon
  8303 | D        | Reached skill level 15 in Spellcasting
  8318 | D        | Noticed a purple draconian
  8319 | D        | Noticed an orb of fire
  8320 | D        | Killed a hell knight
  8320 | D        | Killed a hell knight
  8322 | D        | Killed a hell knight
  8328 | D        | Killed a purple draconian
  8329 | D        | Killed a deep elf annihilator
  8331 | D        | Killed a deep elf blademaster
  8337 | D        | Killed a hell knight
  8337 | D        | Killed an Orb Guardian
  8339 | D        | Killed a stone giant
  8354 | D        | Killed a yaktaur captain
  8374 | D        | Killed a golden dragon
  8470 | D        | Killed an orb of fire
  8471 | D        | Killed a nagaraja
  8476 | D        | Noticed an Orb Guardian
  8476 | D        | Noticed an Orb Guardian
  8476 | D        | Noticed an Orb Guardian
  8477 | D        | Killed an Orb Guardian
  8479 | D        | Noticed a quicksilver dragon
  8479 | D        | Noticed a cherub
  8479 | D        | Noticed an ancient lich
  8479 | D        | Noticed a cacodemon
  8480 | D        | Noticed a Hell Sentinel
  8480 | D        | Noticed a death ooze
  8481 | D        | Killed a shadow dragon
  8484 | D        | Killed an Orb Guardian
  8484 | D        | Killed a cherub
  8486 | D        | Killed a quicksilver dragon
  8486 | D        | Reached XP level 12. HP: 55/55 MP: 31/33
  8488 | D        | Noticed Mennas
  8489 | D        | Killed an electric golem
  8490 | D        | Killed an Orb Guardian
  8491 | D        | Noticed Soewkuym the pandemonium lord
  8493 | D        | Killed a quicksilver dragon
  8494 | D        | Killed a death ooze
  8505 | D        | Killed an Orb Guardian
  8508 | D        | Killed an Orb Guardian
  8634 | D        | Killed an Orb Guardian
  8684 | D        | Noticed a yellow draconian caller
  8686 | D        | Noticed Jory
  8687 | D        | Noticed a stone giant
  8687 | D        | Noticed an orb of fire
  8687 | D        | Noticed an Orb Guardian
  8687 | D        | Noticed an ice dragon
  8688 | D        | Noticed a green death
  8688 | D        | Noticed an Orb Guardian
  8689 | D        | Noticed an Orb Guardian
  8689 | D        | Killed a green death
  8689 | D        | Killed an ice dragon
  8690 | D        | Noticed an Orb Guardian
  8691 | D        | Noticed an Orb Guardian
  8691 | D        | Noticed a hellephant
  8692 | D        | Noticed an ice dragon
  8692 | D        | Noticed a greater mummy
  8692 | D        | Noticed an Orb Guardian
  8692 | D        | Killed a yellow draconian caller
  8693 | D        | Noticed an Orb Guardian
  8693 | D        | Killed an Orb Guardian
  8694 | D        | Noticed an Orb Guardian
  8694 | D        | Noticed an Orb Guardian
  8694 | D        | Killed an Orb Guardian
  8695 | D        | Noticed an Orb Guardian
  8696 | D        | Noticed a death scarab
  8696 | D        | Killed an Orb Guardian
  8697 | D        | Killed an Orb Guardian
  8698 | D        | Killed an Orb Guardian
  8699 | D        | Noticed an Orb Guardian
  8699 | D        | Killed Jory
  8699 | D        | Killed an Orb Guardian
  8699 | D        | Killed an Orb Guardian
  8699 | D        | Killed a greater mummy
  8700 | D        | Noticed a green death
  8700 | D        | Noticed a Tzitzimitl
  8700 | D        | Noticed an Orb Guardian
  8700 | D        | Noticed an orb of fire
  8700 | D        | Noticed a reaper
  8700 | D        | Killed an Orb Guardian
  8701 | D        | Noticed a shadow dragon
  8701 | D        | Noticed a Brimstone Fiend
  8701 | D        | Killed a green death
  8701 | D        | Killed a shadow dragon
  8703 | D        | Noticed a tentacled monstrosity
  8703 | D        | Killed an Orb Guardian
  8703 | D        | Killed a stone giant
  8705 | D        | Noticed Mnoleg
  8705 | D        | Noticed a Brimstone Fiend
  8708 | D        | Killed an Orb Guardian
  8709 | D        | Noticed an eldritch tentacle
  8710 | D        | Noticed a tentacled monstrosity
  8710 | D        | Your ally died
  8712 | D        | Noticed a Brimstone Fiend
  8712 | D        | Killed a Brimstone Fiend
  8713 | D        | Killed a hellephant
  8719 | D        | Noticed a tentacled monstrosity
  8720 | D        | Noticed a blizzard demon
  8722 | D        | Killed an orb of fire
  8723 | D        | Killed an ancient lich
  8726 | D        | Killed a Brimstone Fiend
  8732 | D        | Killed an eldritch tentacle
  8735 | D        | Killed a Brimstone Fiend
  8798 | D        | Killed an ice dragon
  8800 | D        | Killed Soewkuym the pandemonium lord
  8803 | D        | Killed a Hell Sentinel
  8822 | D        | Killed an eldritch tentacle
  8949 | D        | Noticed a great orb of eyes
  8970 | D        | Noticed an eldritch tentacle
  8973 | D        | Gained mutation: You are dopey. (Int -2) [Mnoleg's mutagenic touch]
  8973 | D        | Slain by Mnoleg

Skill      XL: |  1  2  3  4  5  6  7  8  9 10 11 12 |
---------------+-------------------------------------+-----
Dodging        | 5 6 7 8 9 11 12 13 14 16 | 16.4
Unarmed Combat | 5 6 7 8 10 11 13 15 17 19 21 | 21.1
Fighting       | 4 5 6 7 8 |  8.1
Stealth        | 1 2 4 5 8 10 12 14 15 | 15.7
Spellcasting   | 16 18 | 18.4
Ice Magic      | 14 16 | 16.2

Action                   |  1- 3 |  4- 6 |  7- 9 | 10-12 | 13-15 || total
-------------------------+-------+-------+-------+-------+-------++-------
Melee: Unarmed           |    36 |    51 |    92 |   226 |     1 ||   406
       Bite              |     5 |     5 |     7 |    27 |       ||    44
       Punch             |     1 |     3 |     6 |    17 |       ||    27
 Cast: Throw Icicle      |       |       |       |     6 |       ||     6
       Blink             |       |       |       |     2 |       ||     2
       Repel Missiles    |       |       |       |     1 |       ||     1
Invok: Bribe Branch      |       |       |       |     9 |       ||     9
       Potion Petition   |       |       |       |     1 |       ||     1
       Call Merchant     |       |       |       |     1 |       ||     1
Evoke: Wand              |       |       |       |     4 |       ||     4
  Use: Potion            |     1 |       |     9 |    18 |       ||    28
       Scroll            |       |       |       |     2 |       ||     2
 Stab: Sleeping          |     2 |     2 |     6 |     3 |       ||    13
       Distracted        |       |       |     1 |     7 |       ||     8
       Petrified         |       |       |       |     1 |       ||     1
  Eat: Meat ration       |       |       |       |     2 |       ||     2
       Chunk             |       |       |       |     3 |       ||     3
Armor: Skin              |       |     5 |     3 |    14 |     1 ||    23
Dodge: Dodged            |    28 |    39 |    76 |   260 |     5 ||   408
       Deflected         |       |       |       |     1 |       ||     1
